 Dungeon Crawl Stone Soup version 0.18.1-47-g9310371 (webtiles) character file.

76 raph the Vexing (level 4, -3/24 HPs)
             Began as a Deep Elf Enchanter on June 19, 2016.
             Slain by a hippogriff (5 damage)
             ... on level 3 of the Dungeon.
             The game lasted 00:05:16 (2917 turns).

raph the Vexing (Deep Elf Enchanter)                Turns: 2917, Time: 00:05:17

Health: -3/24      AC:  6    Str:  5    XL:     4   Next: 12%
Magic:  4/10       EV: 13    Int: 20    God:
Gold:   101        SH:  0    Dex: 16    Spells: 3 memorised, 3 levels left

rFire  . . .     SeeInvis .     a - +2 dagger
rCold  . . .     Gourm    .     b - +1 robe
rNeg   . . .     Faith    .     (no shield)
rPois  .         Spirit   .     (no helmet)
rElec  .         Dismiss  .     (no cloak)
rCorr  .         Reflect  .     k - +2 pair of gloves
SustAt .         Harm     .     (no boots)
MR     .....                    (no amulet)
Stlth  +++.......               (no ring)
                                (no ring)

@: very slightly contaminated, hasted, very quick, not resistant to hostile
enchantments, fairly stealthy
A: no striking features
a: no special abilities


You were on level 3 of the Dungeon.
You were not hungry.

You visited 1 branch of the dungeon, and saw 3 of its levels.

You collected 101 gold pieces.

Inventory:

Hand Weapons
 a - a +2 dagger (weapon)
Missiles
 l - 7 javelins (quivered)
Armour
 b - a +1 robe (worn)
 k - a +2 pair of gloves (worn)
Jewellery
 r - an uncursed ring of protection from magic {unknown}
Scrolls
 f - a scroll of identify
Potions
 e - a potion of brilliance {unknown}
 h - a potion of haste
 n - a potion of curing
 p - a potion of flight
Books
 c - a book of Maledictions

   Spells                             Type                      Level
   a - Corona                         Hexes                        1
   b - Ensorcelled Hibernation        Hexes/Ice                    2
   c - Confuse                        Hexes                        3
   d - Tukima's Dance                 Hexes                        3
   e - Dazzling Spray                 Conjuration/Hexes            3
Comestibles
 d - 5 bread rations
 g - 2 meat rations
 i - a slice of pizza
 j - a beef jerky
 m - a royal jelly
 o - 7 fruits


   Skills:
 * Level 2.5 Short Blades
 - Level 2.6 Dodging
 + Level 4.3 Stealth
 + Level 3.2 Spellcasting
 * Level 4.9 Hexes


You had 3 spell levels left.
You knew the following spells:

 Your Spells              Type           Power        Failure   Level  Hunger
a - Corona                Hex            ###....      1%          1    None
b - Ensorcelled Hibernat  Hex/Ice        ##....       10%         2    ##.....
c - Confuse               Hex            ###.....     8%          3    ###....


Dungeon Overview and Level Annotations

Branches:
Dungeon (3/15)

Altars:


Message History

You hit the hippogriff.
The hippogriff is severely wounded.
The hippogriff bites you.
* * * LOW HITPOINT WARNING * * *
The hippogriff barely misses you. The hippogriff claws you.
* * * LOW HITPOINT WARNING * * *
You hit the hippogriff.
The hippogriff is severely wounded.
The hippogriff bites you but does no damage.
The hippogriff closely misses you. The hippogriff claws you.
* * * LOW HITPOINT WARNING * * *
Drink which item? (? for menu, Esc to quit)
It was a potion of haste.
You feel yourself speed up.
The hippogriff bites you but does no damage.
The hippogriff closely misses you. x2
You are very lightly contaminated with residual magic.
You hit the hippogriff but do no damage.
The hippogriff is severely wounded.
The hippogriff bites you.
You die...

####....%....
...............
#[............ #.
#............. #.
#.............
####.#####.............
#......................
#........H#............
#........@##...........
##...>#....####..[.####.
##..........###..##.[#
#...............## ...#
#...<.........### ....
#............^.# #.w..
#..........##.# #...
#.........# ..# ###
####...##.# #...


You could see a hippogriff.

Vanquished Creatures
  3 adders
  An ooze (D:2)
  A worm (D:2)
  A dart slug (D:1)
  An orc (D:2)
  A giant cockroach (D:2)
  7 goblins
  5 hobgoblins
  5 kobolds
  A quokka (D:2)
  6 bats
  2 giant newts
  9 rats
43 creatures vanquished.

Notes
Turn   | Place    | Note
--------------------------------------------------------------
     0 | D:1      | raph the Deep Elf Enchanter began the quest for the Orb.
     0 | D:1      | Reached XP level 1. HP: 10/10 MP: 6/6
   336 | D:1      | Reached XP level 2. HP: 15/15 MP: 6/8
   354 | D:1      | Learned a level 2 spell: Ensorcelled Hibernation
  1697 | D:2      | Reached XP level 3. HP: 16/19 MP: 4/9
  1810 | D:2      | Learned a level 3 spell: Confuse
  2728 | D:3      | Reached XP level 4. HP: 17/24 MP: 3/10
  2896 | D:3      | Noticed a hippogriff
  2917 | D:3      | Slain by a hippogriff

Skill      XL: |  1  2  3 |
---------------+----------+-----
Stealth        | 4 |  4.3
Short Blades   | 2 |  2.5
Dodging        | |  2.6
Spellcasting   | |  3.2
Hexes          | |  4.9

Action                   |  1- 3 |  4- 6 || total
-------------------------+-------+-------++-------
Melee: Dagger            |    87 |    11 ||    98
Throw: Javelin           |     1 |       ||     1
 Cast: Corona            |    16 |     2 ||    18
       Ensorcelled Hiber |    23 |     4 ||    27
       Confuse           |     1 |       ||     1
  Use: Scroll            |     6 |       ||     6
       Potion            |       |     1 ||     1
 Stab: Sleeping          |    24 |     1 ||    25
       Confused          |     1 |       ||     1
  Eat: Chunk             |     7 |       ||     7
Armor: Robe              |    25 |    12 ||    37
Dodge: Dodged            |    66 |    26 ||    92
